 Dungeon Crawl Stone Soup version 0.28-a0-1524-ge72afd5fc6 (webtiles) character file.

Game seed: 5217680918885615510

222 issech the Vexing (level 5, -5/41 HPs)
             Began as a Gnoll Arcane Marksman on Jan 18, 2022.
             Was an Initiate of Yredelemnul.
             Slain by a phantom (8 damage)
             ... on level 4 of the Dungeon.
             The game lasted 00:33:08 (4403 turns).

issech the Vexing (Gnoll Arcane Marksman)           Turns: 4403, Time: 00:33:11

Health: -5/41      AC:  3    Str:  9    XL:     5   Next: 99%
Magic:  0/9        EV: 13    Int: 13    God:    Yredelemnul [......]
Gold:   67         SH:  0    Dex: 14    Spells: 5/10 levels left

rFire   . . .      SeeInvis .   T - +1 dagger (venom)
rCold   . . .      Faith    .   (no shield)
rNeg    . . .      Spirit   +   J - +0 leather armour
rPois   .          Reflect  .   (no helmet)
rElec   .          Harm     .   Q - scarf {shadows}
rCorr   .          Rampage  .   (no gloves)
Will    .....                   (no boots)
Stlth   ++........              P - amulet of guardian spirit
HPRegen 0.13/turn               B - ring of wizardry
MPRegen 0.11/turn               (no ring)

@: no status effects
A: fangs 1, strong nose, distributed training
a: Renounce Religion, Recall Undead Harvest


You were on level 4 of the Dungeon.
You worshipped Yredelemnul.
Yredelemnul was noncommittal.
You visited 1 branch of the dungeon, and saw 4 of its levels.

You collected 110 gold pieces.
You spent 43 gold pieces at shops.

Inventory:

Hand Weapons
 a - a +0 hand crossbow
 T - a +1 dagger of venom (weapon)
Missiles
 k - 35 stones (quivered)
 n - 10 poisoned darts
 w - 22 sling bullets
 G - 12 large rocks
 N - 24 arrows
Armour
 d - a +0 robe
 f - a +0 scale mail
 F - a +0 ring mail
 J - a +0 leather armour (worn)
 Q - a scarf of shadows (worn)
Jewellery
 B - a ring of wizardry (left hand)
 P - an amulet of guardian spirit (around neck)
Scrolls
 g - a scroll of vulnerability {unknown}
 l - a scroll of enchant armour {unknown}
 m - a scroll of fog {unknown}
 D - a scroll of identify {unknown}
 K - a scroll of acquirement {unknown}
 R - a scroll of blinking {unknown}
 X - a scroll of fear {unknown}
Potions
 e - 2 potions of might
 r - a potion of mutation {unknown}
 z - a potion of curing {unknown}
 I - a potion of brilliance {unknown}
 L - a potion of invisibility {unknown}


   Skills:
 + Level 3.1 Fighting
 + Level 1.7 Short Blades
 + Level 1.7 Long Blades
 + Level 1.7 Axes
 + Level 1.7 Maces & Flails
 + Level 1.7 Polearms
 + Level 1.7 Staves
 + Level 1.7 Slings
 + Level 1.7 Bows
 + Level 4.9 Crossbows
 + Level 1.7 Throwing
 + Level 1.7 Armour
 + Level 4.9 Dodging
 + Level 1.7 Stealth
 + Level 1.7 Shields
 + Level 1.7 Unarmed Combat
 + Level 3.3 Spellcasting
 + Level 1.3 Conjurations
 + Level 5.6 Hexes
 + Level 1.3 Summonings
 + Level 1.3 Necromancy
 + Level 1.3 Translocations
 + Level 1.3 Transmutations
 + Level 1.3 Fire Magic
 + Level 1.3 Ice Magic
 + Level 1.3 Air Magic
 + Level 1.3 Earth Magic
 + Level 1.3 Poison Magic
 + Level 1.9 Invocations
 + Level 1.7 Evocations


You had 5 spell levels left.
You knew the following spells:

 Your Spells              Type           Power      Damage    Failure   Level
a - Slow                  Hex            64%        N/A       1%          1
b - Cause Fear            Hex            8%         N/A       12%         4

Your spell library contained the following spells:

 Spells                   Type           Power      Damage    Failure   Level
 Apportation              Tloc           10%        N/A       7%          1
 Inner Flame              Hex/Fire       11%        N/A       9%          3
 Portal Projectile        Hex/Tloc       22%        N/A       9%          3
 Alistair's Intoxication  Tmut/Pois      3%         N/A       86%         5


Dungeon Overview and Level Annotations

Branches:
Dungeon (4/15)
 Temple: D:4-7

Altars:
Elyvilon
Hepliaklqana
Yredelemnul

Shops:
D:1 (


Innate Abilities, Weirdness & Mutations

You have very sharp teeth.
Your uncanny sense of smell can sniff out nearby items.
Your experience applies equally to all skills.


Message History

The stone hits the giant cockroach.
The giant cockroach is lightly wounded.
The phantom hits you but does no damage.
The orc wizard completely misses you.
You hit the orc wizard.
The orc wizard is poisoned.
You bite the orc wizard, but do no damage.
The orc wizard is moderately wounded.
The phantom hits you. The orc wizard closely misses you.
You hit the orc wizard but do no damage.
The orc wizard is moderately wounded.
The phantom barely misses you.
The orc wizard hits you with a +0 dagger.
You barely miss the orc wizard. You bite the orc wizard.
The orc wizard is heavily wounded.
The phantom hits you!
The phantom blinks!
You blink.
You miss the phantom. You bite the phantom, but do no damage.
The phantom hits you but does no damage.
You hit the phantom but do no damage. Your bite misses the phantom.
The phantom barely misses you.
You hit the phantom but do no damage.
The phantom hits you but does no damage.
You hit the phantom.
The phantom is lightly damaged.
You barely miss the phantom.
The phantom is lightly damaged.
The phantom hits you.
You closely miss the phantom.
The phantom is lightly damaged.
The phantom hits you!
The phantom blinks!
You blink.
You closely miss the phantom. Your bite misses the phantom.
The phantom is lightly damaged.
The phantom hits you.
You miss the phantom.
The phantom is lightly damaged.
The orc wizard points at you and mumbles some strange words.
The puff of flame hits you!
* * * LOW HITPOINT WARNING * * *
The phantom hits you!
You die...
Your body rises from the dead as a mindless zombie.

#.###+# #.(.....#
#. #..(:...# #
#......# #o.....#
# #.B..(.####
#.#####...§§.....
.............####
.......W.....#
......@......#
........######
........#
.........
..........∆
...........
............


You could see a phantom, an orc wizard (poisoned) and a giant cockroach.

Vanquished Creatures
  An ogre (D:3)
  An orc wizard (D:4)
  3 adders
  An adder skeleton (D:4)
  2 worms
  4 orcs
  5 endoplasms
  2 giant cockroaches
  10 goblins
  2 hobgoblins
  3 quokkas
  9 ball pythons
  2 bats (D:1)
  5 frilled lizards
  8 kobolds
  4 rats (D:2)
62 creatures vanquished.

Vanquished Creatures (collateral kills)
  An endoplasm (D:2)
  A giant cockroach (D:1)
  4 goblins
  2 bats (D:1)
  A frilled lizard (D:2)
  A rat (D:1)
10 creatures vanquished.

Vanquished Creatures (others)
  An adder zombie (D:3)
  A bat zombie (D:1)
  A ball python zombie (D:3)
  A giant cockroach zombie (D:3)
  5 goblin zombies (D:3)
  2 orc zombies
  A spectral endoplasm (D:3)
  2 plants (D:1)
14 creatures vanquished.

Grand Total: 86 creatures vanquished

Notes
Turn   | Place    | Note
-------+----------+-------------------------------------------
     0 | D:1      | issech the Gnoll Arcane Marksman began the quest for the
                  | Orb.
     0 | D:1      | Reached XP level 1. HP: 17/17 MP: 4/4
    76 | D:1      | Found a faded altar of an unknown god.
    90 | D:1      | Prayed at the altar of an unknown god.
    90 | D:1      | Became a worshipper of Yredelemnul the Dark
    90 | D:1      | Reached * piety under Yredelemnul
   138 | D:1      | Reached XP level 2. HP: 17/23 MP: 5/5
   268 | D:1      | Found Nol Kase's Weapon Emporium.
   542 | D:1      | Reached ** piety under Yredelemnul
  1220 | D:1      | Reached XP level 3. HP: 26/28 MP: 7/7
  1557 | D:1      | Bought 18 bolts for 43 gold pieces
  2061 | D:2      | Reached skill level 1 in Invocations
  2619 | D:2      | Reached skill level 1 in Short Blades
  2619 | D:2      | Reached skill level 1 in Long Blades
  2619 | D:2      | Reached skill level 1 in Axes
  2619 | D:2      | Reached skill level 1 in Maces & Flails
  2619 | D:2      | Reached skill level 1 in Polearms
  2619 | D:2      | Reached skill level 1 in Staves
  2619 | D:2      | Reached skill level 1 in Slings
  2619 | D:2      | Reached skill level 1 in Bows
  2619 | D:2      | Reached skill level 1 in Throwing
  2619 | D:2      | Reached skill level 1 in Armour
  2619 | D:2      | Reached skill level 1 in Stealth
  2619 | D:2      | Reached skill level 1 in Shields
  2619 | D:2      | Reached skill level 1 in Unarmed Combat
  2619 | D:2      | Reached skill level 1 in Evocations
  2946 | D:3      | Reached XP level 4. HP: 34/34 MP: 8/8
  2987 | D:3      | Found a hazy altar of Hepliaklqana.
  3235 | D:3      | Noticed an ogre
  3253 | D:3      | Reached skill level 1 in Conjurations
  3253 | D:3      | Reached skill level 1 in Summonings
  3253 | D:3      | Reached skill level 1 in Necromancy
  3253 | D:3      | Reached skill level 1 in Translocations
  3253 | D:3      | Reached skill level 1 in Transmutations
  3253 | D:3      | Reached skill level 1 in Fire Magic
  3253 | D:3      | Reached skill level 1 in Ice Magic
  3253 | D:3      | Reached skill level 1 in Air Magic
  3253 | D:3      | Reached skill level 1 in Earth Magic
  3253 | D:3      | Reached skill level 1 in Poison Magic
  3344 | D:3      | Killed an ogre
  3345 | D:3      | Reached XP level 5. HP: 25/41 MP: 9/9
  3876 | D:3      | Learned a level 4 spell: Cause Fear
  4372 | D:4      | Found a white marble altar of Elyvilon.
  4384 | D:4      | Noticed a phantom
  4403 | D:4      | Slain by a phantom

Illustrated notes

Levels and vault maps discovered:
D:1:      lightli_arrival_quake, layout_basic, serial_shops,
          nicolae_shop_bloodbath_and_beyond, dilly_ecumenical_altar_fadedgnrine
D:2:      layout_loops_corners
D:3:      layout_loops_ring, worldfamousw_hep_ancestral_shrine,
          minmay_curled_crystal, minmay_ogre_servants
D:4:      layout_basic, led_sif_pool, kennysheep_mini, grunt_ministairs_3

Skill      XL: |  1  2  3  4 |
---------------+-------------+-----
Invocations    | 1 |  1.9
Short Blades   | 1 |  1.7
Long Blades    | 1 |  1.7
Axes           | 1 |  1.7
Maces & Flails | 1 |  1.7
Polearms       | 1 |  1.7
Staves         | 1 |  1.7
Slings         | 1 |  1.7
Bows           | 1 |  1.7
Throwing       | 1 |  1.7
Armour         | 1 |  1.7
Stealth        | 1 |  1.7
Shields        | 1 |  1.7
Unarmed Combat | 1 |  1.7
Evocations     | 1 |  1.7
Spellcasting   | 3 |  3.3
Conjurations   | 1 |  1.3
Summonings     | 1 |  1.3
Necromancy     | 1 |  1.3
Translocations | 1 |  1.3
Transmutations | 1 |  1.3
Fire Magic     | 1 |  1.3
Ice Magic      | 1 |  1.3
Air Magic      | 1 |  1.3
Earth Magic    | 1 |  1.3
Poison Magic   | 1 |  1.3
Fighting       | 3 |  3.1
Crossbows      | |  4.9
Dodging        | |  4.9
Hexes          | |  5.6

Action                   |  1- 3 |  4- 6 || total
-------------------------+-------+-------++-------
Melee: Short sword       |     1 |       ||     1
       Dagger            |       |    11 ||    11
       Bite              |       |     3 ||     3
 Fire: Hand crossbow     |   115 |    57 ||   172
Throw: Stone             |       |     1 ||     1
 Stab: Distracted        |     1 |       ||     1
Armor: Robe              |    12 |       ||    12
       Leather armour    |       |     6 ||     6
Dodge: Dodged            |    51 |    27 ||    78

Table legend: (Time is in decaauts)
 A = Elapsed time spent in this place.
 B = Non-inter-level travel time spent in this place.
 C = Inter-level travel time spent in this place.
 D = Time resting spent in this place.
 E = Time spent auto-exploring this place.
 F = Levels seen in this place.
 G = Mean time per level.
                   A        B        C        D        E       F      G
               +--------+--------+--------+--------+--------+-----+--------+
         Total |   4445 |   4412 |     33 |    458 |   1232 |   4 | 1111.2 |
       Dungeon |   4445 |   4412 |     33 |    458 |   1232 |   4 | 1111.2 |
               +--------+--------+--------+--------+--------+-----+--------+

Top non-repeatable levels by time:
     D:1: 1599 daAuts
     D:3: 1526 daAuts
     D:2: 1258 daAuts
     D:4: 60 daAuts
